 Dungeon Crawl Stone Soup version 0.31-a0-1529-g7bd419a0e5 (console) character file.

Game seed: 6066913831157253371

15885 petzl the Thaumaturge (level 12, 0/89 HPs)
             Began as a Formicid Delver on Dec 31, 2023.
             Was a Believer of Vehumet.
             Succumbed to a water moccasin's poison
             ... on level 3 of the Lair of Beasts on Jan 5, 2024.
             The game lasted 02:11:37 (24549 turns).

petzl the Thaumaturge (Formicid Delver)            Turns: 24549, Time: 02:11:39

Health: 0/89       AC:  9    Str: 23    XL:     12   Next: 63%
Magic:  24/24      EV: 18    Int: 15    God:    Vehumet [**....]
Gold:   620        SH:  5    Dex: 15    Spells: 15/28 levels left

rFire   . . .        b - +9 dagger {elec, rElec Will+, !f =f}
rCold   + + +        u - +0 buckler
rNeg    . . .        w - +1 ring mail {rC+}
rPois   +            (helmet unavailable)
rElec   +            S - +1 cloak
rCorr   .            (no gloves)
SInv    +            (no boots)
Will    ++...        (no amulet)
Stlth   +++          Q - ring of Wonder {rPois rC++ Str+6}
HPRegen 0.34/turn    J - +5 ring of evasion
MPRegen 0.19/turn

%: no passive effects
@: lethally poisoned (0 -> -9)
A: permanent stasis, dig shafts and tunnels, antennae 3, four strong arms
a: Dig, Shaft Self, Renounce Religion


You were on level 3 of the Lair of Beasts.
You worshipped Vehumet.
Vehumet was pleased with you.
You visited 3 branches of the dungeon, and saw 19 of its levels.

You collected 995 gold pieces.
You spent 375 gold pieces at shops.

Inventory:

Hand Weapons
 a - a +2 sling of draining
 b - the +9 dagger of Dissent (weapon) {elec, rElec Will+, !f =f}
   (You found it on level 8 of the Dungeon)

   rElec:     It insulates you from electricity.
   Will+:     It increases your willpower.
 c - a +2 short sword of venom
 d - a +0 trident of protection
 e - a +4 mace of freezing
 i - a +1 flail of protection
 k - a +2 falchion of holy wrath
 E - a +2 rapier of electrocution
 G - a +0 shortbow
 L - a +0 orcbow
 O - a +2 whip of freezing
Missiles
 h - 68 poisoned darts (quivered)
Armour
 u - a +0 buckler (worn)
 w - a +1 ring mail of cold resistance (worn)
 B - a +0 troll leather armour
 M - a +0 kite shield
 S - a +1 cloak (worn)
Jewellery
 j - a ring of protection from cold
 q - a +6 ring of intelligence
 y - a +4 ring of protection
 H - a ring of wizardry
 I - a ring of willpower
 J - a +5 ring of evasion (right hand)
 P - a +6 ring of strength
 Q - the ring of Wonder (left hand) {rPois rC++ Str+6}
   (You found it on level 2 of the Lair of Beasts)

   [ring of strength]

   Str+6:     It affects your strength (+6).
   rC++:      It greatly protects you from cold.
   rPois:     It protects you from poison
Wands
 f - a wand of iceblast (3)
 l - a wand of flame (44)
 z - a wand of mindburst (5)
Scrolls
 m - 2 scrolls of enchant armour
 o - a scroll of silence
 r - a scroll of identify
 F - 4 scrolls of vulnerability
 N - a scroll of torment
 R - a scroll of amnesia
Potions
 g - a potion of magic
 n - 2 potions of brilliance
 p - 2 potions of enlightenment
 s - a potion of resistance {unknown}
 v - a potion of attraction {unknown}
 x - a potion of might


   Skills:
 - Level 6.5 Fighting
 - Level 2.5 Maces & Flails
 + Level 3.2 Ranged Weapons
 + Level 6.7 Armour
 + Level 4.8 Dodging
 - Level 7.0 Stealth
 - Level 6.0 Shields
 + Level 8.7 Spellcasting
 + Level 7.7 Conjurations
 + Level 6.4 Translocations
 + Level 2.3 Ice Magic
 - Level 4.0 Air Magic
 - Level 6.0 Alchemy
 - Level 2.0 Evocations


You had 15 spell levels left.
You knew the following spells:

 Your Spells              Type           Power      Damage    Failure   Level
a - Iskenderun's Mystic   Conj/Tloc      27%        2d7       11%         4
b - Dazzling Flash        Conj/Hex       36%        N/A       12%         3
m - Mephitic Cloud        Conj/Alch/Air  24%        N/A       5%          3
A - Ozocubu's Armour      Ice            13%        N/A       22%         3

Your spell library contained the following spells:

 Spells                   Type           Power      Damage    Failure   Level
 Frozen Ramparts          Ice            26%        1d4       22%         3
 Magic Dart               Conj           100%       1d8       1%          1
 Fulminant Prism          Conj/Alch      13%        3d8       12%         4
 Manifold Assault         Tloc           26%        N/A       14%         4
 Volatile Blastmotes      Fire/Tloc      32%        2d12      16%         3
 Ensorcelled Hibernation  Hex/Ice        20%        N/A       19%         2
 Call Imp                 Summ           12%        N/A       30%         2
 Jinxbite                 Hex            12%        N/A       30%         2
 Scorch                   Fire           12%        2d5       30%         2
 Summon Ice Beast         Ice/Summ       10%        N/A       36%         3
 Flame Wave               Conj/Fire      18%        2d7       38%         4
 Arcjolt                  Conj/Air       12%        1d22      45%         5
 Fugue of the Fallen      Necr           6%         N/A       52%         3
 Yara's Violent Unravell  Hex/Alch       7%         3d5       85%         5
 Anguish                  Hex/Necr       3%         N/A       89%         4
 Silence                  Hex/Air        6%         N/A       94%         5
 Curse of Agony           Necr           6%         N/A       99%         5
 Summon Mana Viper        Hex/Summ       6%         N/A       99%         5
 Summon Cactus Giant      Summ           3%         N/A       100%        6
 Enfeeble                 Hex            3%         N/A       100%        7
 Monstrous Menagerie      Summ           3%         N/A       100%        7
 Maxwell's Capacitive Co  Air            9%         ∞         100%        8
 Blink                    Tloc           Unusable   N/A       N/A         2
 Vhi's Electric Charge    Tloc/Air       Unusable   N/A       N/A         4

Dungeon Overview and Level Annotations

Branches:
Dungeon (13/15)            Temple (1/1) D:4            Lair (5/5) D:10
  Swamp (0/4) Lair:2       Spider (0/4) Lair:2        Slime (0/5) Lair:4
    Orc: D:9-12      Vaults: D:13-14

Altars:
Ashenzari
Cheibriados
Dithmenos
Elyvilon
Fedhas
Gozag
Hepliaklqana
Kikubaaqudgha
Makhleb
Nemelex Xobeh
Okawaru
Qazlal
Ru
Sif Muna
Trog
Uskayaw
Vehumet
Wu Jian
Xom
Yredelemnul
Zin
The Shining One

Shops:
D:10 =

Annotations:
D:7 croobank's ghost, novice DgFE
D:10 exclusion: downstairs
D:11 exclusion: downstairs
D:12 exclusion: downstairs, Nessos; Psyche
D:13 exclusion: upstairs
Lair:1 exclusion: downstairs
Lair:2 Amaemon; Gastronok
Lair:3 exclusions: elephant and sensed monster (detected)
Lair:5 exclusion: upstairs


Innate Abilities, Weirdness & Mutations

You cannot be hasted, slowed, berserked, paralysed or teleported.
You can dig through walls and to a lower floor.
You have a pair of large antennae on your head. (SInv)
Your four strong arms can wield two-handed weapons with a shield.


Message History

You kill the wolf!
Vehumet accepts your kill.
The wolf is engulfed in poison gas.
The wolf looks even sicker.
The water moccasin closely misses you.
The water moccasin completely misses you.
The black mamba moves out of view.
You closely miss the water moccasin.
The water moccasin is lightly wounded.
The wyvern looks as sick as possible!
The wolf is engulfed in poison gas.
The wolf looks even sicker.
The blink frog blinks!
The water moccasin bites you. You block the water moccasin's attack.
The wyvern looks as sick as possible!
You puncture the water moccasin!
The water moccasin is almost dead.
The water moccasin misses you. The water moccasin closely misses you.
The blink frog is engulfed in poison gas.
The blink frog is poisoned.
The blink frog misses you.
The wyvern is engulfed in poison gas.
The wyvern looks as sick as possible!
The wyvern closely misses you.
The blink frog blinks!
The water moccasin bites you.
* * * LOW HITPOINT WARNING * * *
You are poisoned.
The water moccasin poisons you!
The water moccasin completely misses you.
Okay, then.
Unknown command.
Are you sure you want to shaft yourself?
You feel very sick. The wyvern bites you!
* * * LOW HITPOINT WARNING * * *
The blink frog is engulfed in poison gas.
The blink frog looks even sicker.
The blink frog barely misses you.
The blink frog is engulfed in poison gas.
The blink frog is poisoned.
The water moccasin bites you but does no damage.
The wyvern bites you.
* * * LOW HITPOINT WARNING * * *
The water moccasin bites you but does no damage.
The blink frog is engulfed in poison gas.
The blink frog looks even sicker.
The blink frog completely misses you.
You begin to dig a shaft.
You continue digging a shaft.
You die...

....... ####......
....# ..........
....##
......#...##.....##
......#......#.....
P#..#.....+.S.....#
..........#h..8....
###P..#....+{.......
..........#.{..#
#.....#..####.....#
......#..## ##.#.#
+.....#☼.°# #
#####.☼☼.☼#
.......§☼## #
#.####.hF# #.


#SSk# ##. #☼@○# ####..###### #.F°# #.......##.# ....... ............ ...........
Y........... ............... ............ ............... F.......%...
............... .......####. ..........F.... ......., ## #...... .+..... #..>..
You could see 3 blink frogs, 2 water moccasins, a wyvern (extremely poisoned)
and a wolf (very poisoned).

Vanquished Creatures
  A two-headed ogre (D:9)
  A boulder beetle (Lair:1)
  A cyclops (D:11)
  An elephant (D:10)
  4 cane toads
  A kobold demonologist (D:7)
  A troll (D:10)
  2 komodo dragons
  A tyrant leech (Lair:1)
  2 hornets (D:8)
  4 dream sheep (Lair:3)
  4 wyverns
  A wraith (D:11)
  24 yaks
  3 steam dragons
  Edmund (D:4)
  2 acid dragons
  5 water moccasins
  3 black bears
  2 ice beasts (D:6)
  Duvessa (D:6)
  An orc warrior (D:10)
  A sky beast (D:8)
  An ogre (D:5)
  3 centaurs
  7 wolves
  Blork the orc (D:5)
  8 kobold brigands
  7 bullfrogs
  3 gnoll sergeants
  3 scorpions
  9 wights
  Dowan (D:6)
  9 killer bees
  2 howler monkeys
  A bombardier beetle (D:5)
  6 orc priests
  2 gnoll boudas
  4 iguanas
  A sleepcap (D:5)
  12 orc wizards
  31 gnolls
  4 adders
  3 dart slugs
  2 ribbon worms (D:5)
  43 orcs
  7 endoplasms
  2 giant cockroaches
  12 goblins
  8 hobgoblins
  17 kobolds
  3 quokkas
  4 ball pythons
  6 bats
  3 frilled lizards
  3 rats
295 creatures vanquished.

Vanquished Creatures (others)
  An orc wizard (D:5)
1 creature vanquished.

Grand Total: 296 creatures vanquished

Notes
Turn   | Place    | Note
-------+----------+-------------------------------------------
     0 | D:5      | petzl the Formicid Delver began the quest for the Orb.
     0 | D:5      | Reached XP level 1. HP: 18/18 MP: 1/1
   124 | D:5      | Reached XP level 2. HP: 4/24 MP: 2/2
   257 | D:4      | Found a staircase to the Ecumenical Temple.
   259 | D:4      | Noticed Edmund
   416 | D:2      | Reached XP level 3. HP: 30/30 MP: 3/3
   433 | D:2      | You fall into a shaft and drop 1 floor!
   952 | D:2      | Reached XP level 4. HP: 33/37 MP: 4/4
  2006 | D:2      | Reached XP level 5. HP: 15/42 MP: 6/6
  2561 | D:3      | Reached skill level 1 in Spellcasting
  2561 | D:3      | Reached skill level 1 in Evocations
  2853 | D:3      | Found a faded altar of an unknown god.
  2942 | D:3      | You fall into a shaft and drop 2 floors!
  3186 | D:4      | Reached XP level 6. HP: 39/48 MP: 8/8
  4134 | D:4      | Reached skill level 2 in Spellcasting
  4686 | D:5      | Learned a level 4 spell: Iskenderun's Mystic Blast
  4847 | D:4      | Reached XP level 7. HP: 14/49 MP: 10/10
  5024 | D:6      | Reached skill level 1 in Armour
  5024 | D:6      | Reached skill level 1 in Conjurations
  5044 | D:6      | Reached skill level 3 in Spellcasting
  5182 | D:4      | HP: 2/55 [Edmund/+1 flail of protection (10)]
  5184 | D:4      | Killed Edmund
  5185 | D:4      | Reached skill level 5 in Fighting
  5185 | D:4      | Reached skill level 1 in Translocations
  5314 | Temple   | Entered the Ecumenical Temple
  5342 | Temple   | Became a worshipper of Vehumet
  5435 | D:5      | Reached XP level 8. HP: 56/62 MP: 11/13
  5641 | D:5      | You fall into a shaft and drop 1 floor!
  5797 | D:6      | Found a sacrificial altar of Ru.
  5823 | D:6      | Noticed Dowan
  5824 | D:6      | Noticed Duvessa
  6003 | D:5      | You fall into a shaft and drop 1 floor!
  6179 | D:6      | Reached skill level 4 in Spellcasting
  6815 | D:6      | Noticed Blork the orc
  7109 | D:5      | You fall into a shaft and drop 3 floors!
  7268 | D:7      | Reached XP level 9. HP: 22/69 MP: 15/15
  7469 | D:7      | Found a shimmering altar of Xom.
  7469 | D:7      | Found a glowing silver altar of Zin.
  7494 | D:7      | Found a basalt altar of Yredelemnul.
  7495 | D:7      | Found a glowing golden altar of the Shining One.
  7496 | D:7      | Found a broken altar of Ashenzari.
  7500 | D:7      | Found a shadowy altar of Dithmenos.
  8689 | D:6      | Reached skill level 5 in Spellcasting
  8726 | D:6      | Killed Duvessa
  8762 | D:6      | Killed Dowan
  8764 | D:6      | You fall into a shaft and drop 1 floor!
  9155 | D:7      | Reached * piety under Vehumet
  9155 | D:7      | Offered knowledge of Freeze by Vehumet.
  9345 | D:6      | You fall into a shaft and drop 1 floor!
  9584 | D:7      | Found a runed translucent gate.
  9584 | D:7      | Found a runed translucent gate.
  9586 | D:7      | Found a runed translucent gate.
  9586 | D:7      | Noticed croobank's ghost (novice DgFE)
  9589 | D:7      | Noticed a kobold demonologist
  9803 | D:7      | You fall into a shaft and drop 1 floor!
 10120 | D:8      | You fall into a shaft and drop 2 floors!
 10120 | D:10     | Entered Level 10 of the Dungeon
 10120 | D:10     | Found Daigowk's Jewellery Emporium.
 10311 | D:10     | Bought a ring of willpower for 375 gold pieces
 10390 | D:9      | You fall into a shaft and drop 2 floors!
 10666 | D:12     | Noticed a kobold demonologist
 10986 | D:12     | Noticed a death knight
 11268 | D:10     | Noticed an elephant
 11316 | D:9      | You fall into a shaft and drop 3 floors!
 11316 | D:12     | Noticed a death knight
 11317 | D:12     | Noticed Psyche
 11318 | D:12     | Found a sparkling altar of Nemelex Xobeh.
 11436 | D:12     | Noticed a skeletal warrior
 11819 | D:8      | Reached XP level 10. HP: 41/68 MP: 18/18
 12012 | D:6      | You fall into a shaft and drop 1 floor!
 12202 | D:7      | Reached skill level 6 in Spellcasting
 12447 | D:8      | Reached skill level 5 in Conjurations
 12507 | D:8      | Reached skill level 1 in Shields
 12676 | D:9      | Noticed a two-headed ogre
 12794 | D:8      | Reached skill level 5 in Translocations
 12813 | D:8      | Identified the +2 helmet "Enusuv" {Rampage Str+2 Dex+3}
 13943 | D:8      | Reached skill level 5 in Armour
 13943 | D:8      | Reached skill level 7 in Spellcasting
 14244 | D:9      | Found a blossoming altar of Fedhas.
 14541 | D:9      | Offered knowledge of Mercury Vapours by Vehumet.
 14567 | D:9      | Reached ** piety under Vehumet
 15839 | D:9      | Reached XP level 11. HP: 75/81 MP: 22/22
 16039 | D:10     | Killed an elephant
 16126 | D:9      | You fall into a shaft and drop 1 floor!
 16439 | D:10     | Reached skill level 8 in Spellcasting
 16517 | D:10     | Found a shimmering blue altar of Sif Muna.
 16785 | D:11     | Noticed a centaur warrior
 17234 | D:10     | Found a staircase to the Lair.
 17263 | Lair:1   | Entered Level 1 of the Lair of Beasts
 17669 | D:11     | Noticed a cyclops
 17690 | D:11     | Learned a level 3 spell: Ozocubu's Armour
 17905 | D:12     | Noticed Nessos
 18018 | D:11     | Reached skill level 5 in Shields
 18024 | D:11     | Reached skill level 1 in Ranged Weapons
 18536 | D:5      | Killed Blork the orc
 18646 | D:7      | You fall into a shaft and drop 3 floors!
 18696 | D:9      | Killed a two-headed ogre
 18697 | D:9      | Reached skill level 1 in Ice Magic
 19033 | D:7      | Found a shimmering altar of Xom.
 19203 | D:7      | You fall into a shaft and drop 3 floors!
 19345 | D:7      | You fall into a shaft and drop 2 floors!
 19627 | D:7      | You fall into a shaft and drop 3 floors!
 19691 | D:7      | You fall into a shaft and drop 2 floors!
 19960 | D:8      | Identified the +9 dagger of Dissent {elec, rElec Will+}
 20153 | D:11     | Killed a cyclops
 20457 | D:11     | You fall into a shaft and drop 1 floor!
 20575 | D:12     | You fall into a shaft and drop 1 floor!
 21076 | Lair:1   | Reached XP level 12. HP: 89/89 MP: 24/24
 21255 | Lair:1   | You fall into a shaft and drop 1 floor!
 21523 | Lair:2   | Identified the ring of Wonder {rPois rC++ Str+6}
 21552 | Lair:2   | Noticed Amaemon
 21596 | Lair:2   | Found a hole to the Spider Nest.
 21605 | Lair:2   | Noticed a boulder beetle
 21611 | Lair:2   | Found an ornate altar of the Wu Jian Council.
 21613 | Lair:2   | Found a hide-covered altar of Uskayaw.
 21850 | Lair:1   | Learned a level 3 spell: Mephitic Cloud
 21854 | Lair:1   | Learned a level 3 spell: Dazzling Flash
 22011 | Lair:1   | Reached skill level 1 in Alchemy
 22054 | Lair:1   | Reached skill level 1 in Air Magic
 22439 | Lair:1   | Noticed a boulder beetle
 22464 | Lair:1   | Killed a boulder beetle
 22465 | Lair:1   | Reached skill level 5 in Alchemy
 22663 | Lair:2   | Found a staircase to the Swamp.
 23169 | Lair:2   | Noticed Gastronok
 23248 | Lair:2   | You fall into a shaft and drop 1 floor!
 23706 | Lair:3   | Offered knowledge of Frozen Ramparts by Vehumet.
 23718 | Lair:3   | You fall into a shaft and drop 1 floor!
 23744 | Lair:5   | Entered Level 5 of the Lair of Beasts
 24220 | Lair:5   | HP: 3/86 [wolf (2)]
 24233 | Lair:5   | HP: 4/87 [wolf (3)]
 24496 | Lair:5   | Noticed an eight-headed hydra
 24507 | Lair:4   | Noticed an eight-headed hydra
 24548 | Lair:3   | HP: 2/89 [wyvern (5)]
 24549 | Lair:3   | Succumbed to a water moccasin's poison

Illustrated notes

Levels and vault maps discovered:
D:1:      roderic_octagonal_star, layout_loops_ring, grunt_decor_resistance,
          minmay_misc_feat_encased
D:2:      minmay_skewed_foursquare, layout_basic
D:3:      layout_basic, basic_ecumenical_altar
D:4:      layout_basic, minmay_temple_entry_glass, grunt_ministairs_15,
          reono_crystal_passage, st_stairs_14, uniq_edmund
D:5:      layout_gridville, cheibrodos_sewer_entry_bend, grunt_decor_arrowhead,
          patterned_corridor
D:6:      layout_basic, nicolae_ru_awakened_eye, uniq_duvessa,
          uniq_blork_the_orc
D:7:      layout_rooms, minitemple, gammafunk_ghost_nasty_kobolds
D:8:      layout_basic, minmay_circle_x
D:9:      layout_rooms, amcnicky_altar_gilded, enter_bailey_3, minivault_16,
          kennysheep_generic_room_15
D:10:     layout_cave_pools, nicolae_overflow_crystal_walls,
          grunt_lair_entry_orc_guard_hut, serial_shops, shop
D:11:     layout_gridville, grunt_decor_one_mirror
D:12:     cheibrodos_tormentor_scu, layout_rooms, david_orc_2,
          nemelex_xobeh_ov_fountains_minmay, uniq_psyche, uniq_snorg,
          uniq_nessos
D:13:     lemuel_reptile_caves, layout_gridville,
          skrybe_vaults_entry_preservation, enter_trove_1, nicolae_diode_stairs
Temple:   oiseaux_autumnal_temple
Lair:1:   layout_long_grid
Lair:2:   lemuel_slime, layout_regular_city, minmay_swamp_entry_worms,
          hellmonk_spider_entry_life_and_decay, minmay_stone_trees_small,
          nzn_masters_of_martial_movement, uniq_amaemon, uniq_sonja,
          uniq_gastronok
Lair:3:   layout_chaotic_city, grunt_megastairs_1, uniq_kirke
Lair:4:   layout_misc_corridors, dpeg_slime_entry_enclosed
Lair:5:   minmay_lair_end_frog_pond, layout_layer_cave, st_stairs_7

Skill      XL: |  1  2  3  4  5  6  7  8  9 10 11 12 |
---------------+-------------------------------------+-----
Dodging        | 2 3 4 |  4.8
Fighting       | 4 5 6 |  6.5
Spellcasting   | 1 2 3 4 5 7 8 |  8.7
Evocations     | 1 2 |  2.0
Stealth        | 7 |  7.0
Armour         | 1 3 4 5 6 |  6.7
Conjurations   | 2 3 4 6 7 |  7.7
Translocations | 1 3 4 6 |  6.4
Shields        | 3 5 6 |  6.0
Ranged Weapons | 2 3 |  3.2
Ice Magic      | 1 2 |  2.3
Alchemy        | 6 |  6.0
Air Magic      | 4 |  4.0
Maces & Flails | |  2.5

Action                     |  1- 3 |  4- 6 |  7- 9 | 10-12 || total
---------------------------+-------+-------+-------+-------++-------
  Melee: Mace              |    22 |       |       |    52 ||    74
         Short sword       |    28 |   168 |   236 |   466 ||   898
         Punch             |       |     4 |     8 |       ||    12
         Trident           |       |     5 |     9 |    51 ||    65
         Whip              |       |     1 |       |       ||     1
         Flail             |       |       |    62 |    21 ||    83
         Dagger            |       |       |       |    46 ||    46
   Fire: Shortbow          |       |       |    83 |       ||    83
         Sling             |       |       |    34 |   215 ||   249
  Throw: Dart              |       |       |     6 |     7 ||    13
   Cast: Iskenderun's Myst |       |       |     1 |    62 ||    63
         Mephitic Cloud    |       |       |       |    14 ||    14
         Dazzling Flash    |       |       |       |     1 ||     1
Ability: Dig               |     1 |       |     6 |    14 ||    21
         Shaft Self        |     1 |     1 |     9 |    13 ||    24
  Evoke: Wand              |       |       |    24 |    22 ||    46
    Use: Scroll            |     1 |     4 |     5 |    10 ||    20
         Potion            |       |     2 |     3 |    16 ||    21
   Stab: Sleeping          |     4 |    21 |     1 |     1 ||    27
         Distracted        |       |     1 |       |       ||     1
         Confused          |       |       |       |     5 ||     5
 Armour: Leather armour    |    33 |    77 |       |       ||   110
         Ring mail         |       |     9 |   293 |   489 ||   791
  Dodge: Dodged            |    42 |    88 |   272 |   642 ||  1044
  Block: Buckler           |       |       |       |   178 ||   178

Table legend: (Time is in decaauts)
 A = Elapsed time spent in this place.
 B = Non-inter-level travel time spent in this place.
 C = Inter-level travel time spent in this place.
 D = Time resting spent in this place.
 E = Time spent auto-exploring this place.
 F = Levels seen in this place.
 G = Mean time per level.
                   A        B        C        D        E       F      G
               +--------+--------+--------+--------+--------+-----+--------+
         Total |  24729 |  23082 |   1647 |   9307 |   5445 |  19 | 1301.5 |
       Dungeon |  21110 |  19575 |   1535 |   7402 |   5236 |  13 | 1623.8 |
        Temple |     56 |      1 |     55 |      0 |      0 |   1 |   56.0 |
          Lair |   3562 |   3505 |     57 |   1905 |    209 |   5 |  712.4 |
               +--------+--------+--------+--------+--------+-----+--------+

Top non-repeatable levels by time:
     D:8: 3317 daAuts
     D:7: 2304 daAuts
    D:10: 2255 daAuts
     D:9: 2186 daAuts
    D:11: 1995 daAuts
     D:6: 1865 daAuts
     D:5: 1768 daAuts
     D:4: 1680 daAuts
  Lair:1: 1585 daAuts
     D:3: 1368 daAuts
     D:2: 1149 daAuts
  Lair:5: 771 daAuts
     D:1: 715 daAuts
  Lair:2: 658 daAuts
  Lair:3: 492 daAuts
